 Dungeon Crawl Stone Soup version 0.29-a0-311-gcbd9eb2193 (webtiles) character file.

Game seed: 12587361212372709476

37 TOYA the Covered (level 3, -6/33 HPs)
             Began as a Minotaur Fighter on Mar 28, 2022.
             Killed from afar by a white imp (7 damage)
             ... with a puff of frost
             ... summoned by Natasha
             ... on level 2 of the Dungeon.
             The game lasted 00:04:09 (550 turns).

TOYA the Covered (Minotaur Fighter)                  Turns: 550, Time: 00:04:10

Health: -6/33      AC:  7    Str: 22    XL:     3   Next: 23%
Magic:  2/2        EV:  9    Int:  5    God:
Gold:   25         SH:  4    Dex:  9    Spells: 2/2 levels left

rFire   . . .      SeeInvis .   a - +0 long sword
rCold   . . .      Faith    .   c - +0 buckler
rNeg    . . .      Spirit   .   b - +0 scale mail
rPois   .          Reflect  .   (helmet restricted)
rElec   .          Harm     .   (no cloak)
rCorr   .          Rampage  .   (no gloves)
Will    .....                   (no boots)
Stlth   ..........              (no amulet)
HPRegen 0.11/turn               (no ring)
MPRegen 0.08/turn               (no ring)

@: slowed, very slow
A: horns 2, retaliatory headbutt
a: no special abilities


You were on level 2 of the Dungeon.
You visited 1 branch of the dungeon, and saw 2 of its levels.

You collected 25 gold pieces.

Inventory:

Hand Weapons
 a - a +0 long sword (weapon)
 i - a +0 whip
 k - a +0 long sword
Armour
 b - a +0 scale mail (worn)
 c - a +0 buckler (worn)
 j - a +0 leather armour
Scrolls
 g - a scroll of teleportation {unknown}
 l - a scroll of vulnerability {unknown}
 m - a scroll of fog {unknown}
Potions
 d - a potion of might
 e - a potion of magic {unknown}
 f - a potion of brilliance {unknown}
 h - a potion of lignification {unknown}


   Skills:
 + Level 4.0 Fighting
 + Level 3.1 Long Blades
 + Level 4.1 Armour
 + Level 4.1 Shields


You had 2 spell levels left.
You didn't know any spells.
Your spell library was empty.

Dungeon Overview and Level Annotations

Branches:
Dungeon (2/15)

Altars:

Annotations:
D:2 Natasha


Innate Abilities, Weirdness & Mutations

You have a pair of horns on your head.
You reflexively headbutt those who attack you in melee.


Message History

The shadow imp hits you.
Natasha stares at you and mumbles some strange words.
You feel as though you will be slow longer.
You hit Natasha but do no damage. You headbutt Natasha, but do no damage.
Natasha is almost dead.
The shadow imp hits you but does no damage.
Natasha claws you! The shadow imp closely misses you. You furiously retaliate!
You headbutt the shadow imp. Natasha claws you but does no damage.
You are too injured to fight recklessly!
You are too injured to fight recklessly!
You are too injured to fight recklessly!
You barely miss Natasha.
Natasha is almost dead.
The shadow imp gestures at you.
You barely resist. You block Natasha's attack.
The shadow imp hits you but does no damage.
Natasha claws you but does no damage.
You are too injured to fight recklessly!
You hit Natasha but do no damage.
Natasha is severely wounded.
The shadow imp completely misses you.
Natasha casts a spell.
The shadow imp hits you.
* * * LOW HITPOINT WARNING * * *
Natasha closely misses you.
You hit Natasha. Your headbutt misses Natasha.
Natasha is almost dead.
The shadow imp closely misses you. You furiously retaliate!
You headbutt the shadow imp!
You kill the shadow imp!
The shadow imp disappears in a puff of smoke!
Natasha claws you.
* * * LOW HITPOINT WARNING * * *
The white imp gestures at you. The puff of frost hits you!
* * * LOW HITPOINT WARNING * * *
Natasha barely misses you. The white imp gestures at you.
The puff of frost hits you!
You die...

.<.....
.?.....####
..........#
..........#
.!........#
.....5....######
......†§.......#
......h@.......#
...............#
...............#
.......###.....#
####### #.....#
#.....# #.....#
#.....# #.....+


You could see Natasha and a white imp (summoned).

Vanquished Creatures
  An adder (D:2)
  3 dart slugs (D:1)
  A hobgoblin (D:1)
  2 jackals (D:1)
  3 quokkas
  2 ball pythons (D:1)
  3 bats (D:1)
  2 frilled lizards
  2 goblins (D:1)
  A kobold (D:1)
  2 rats (D:1)
22 creatures vanquished.

Notes
Turn   | Place    | Note
-------+----------+-------------------------------------------
     0 | D:1      | TOYA the Minotaur Fighter began the quest for the Orb.
     0 | D:1      | Reached XP level 1. HP: 19/19 MP: 0/0
   180 | D:1      | Reached XP level 2. HP: 25/27 MP: 1/1
   269 | D:1      | Found a faded altar of an unknown god.
   529 | D:2      | Reached XP level 3. HP: 33/33 MP: 2/2
   539 | D:2      | Noticed Natasha
   550 | D:2      | HP: 1/33 [white imp/puff of frost[Natasha] (7)]
   550 | D:2      | Killed from afar by a white imp

Illustrated notes

Levels and vault maps discovered:
D:1:      lightli_arrival_maybe_door_vault, layout_rooms,
          hellmonk_ecumenical_altar_heavens_door, serial_corexii_hall,
          corexii_hall_statues_l, corexii_hall_statues_t
D:2:      layout_basic, uniq_natasha

Skill      XL: |  1  2 |
---------------+-------+-----
Shields        | 4 |  4.1
Fighting       | 4 |  4.0
Armour         | 4 |  4.1
Long Blades    | 3 |  3.1

Action                   || total
-------------------------++-------
Melee: Long sword        ||    69
       Headbutt          ||    10
Armor: Scale mail        ||    43
Dodge: Dodged            ||    45
Block: Buckler           ||    22

Table legend: (Time is in decaauts)
 A = Elapsed time spent in this place.
 B = Non-inter-level travel time spent in this place.
 C = Inter-level travel time spent in this place.
 D = Time resting spent in this place.
 E = Time spent auto-exploring this place.
 F = Levels seen in this place.
 G = Mean time per level.
                   A        B        C        D        E       F      G
               +--------+--------+--------+--------+--------+-----+--------+
         Total |    575 |    575 |      0 |      0 |    252 |   2 |  287.5 |
       Dungeon |    575 |    575 |      0 |      0 |    252 |   2 |  287.5 |
               +--------+--------+--------+--------+--------+-----+--------+

Top non-repeatable levels by time:
     D:1: 541 daAuts
     D:2: 34 daAuts
